 Dungeon Crawl Stone Soup version 0.27-a0-1529-g1e82c303ef (webtiles) character file.

Game seed: 9694904589162548694

49 quinnr the Gusty (level 3, 0/19 HPs)
             Began as a Tengu Air Elementalist on July 11, 2021.
             Slain by an adder (2 damage)
             ... on level 2 of the Dungeon.
             The game lasted 00:03:59 (1630 turns).

quinnr the Gusty (Tengu Air Elementalist)           Turns: 1630, Time: 00:03:59

Health: 0/19       AC:  2    Str:  8    XL:     3   Next: 77%
Magic:  3/7        EV: 12    Int: 16    God:
Gold:   97         SH:  0    Dex: 14    Spells: 5/6 levels left

rFire    . . .     SeeInvis .   f - +2 dagger (elec)
rCold    . . .     Faith    .   (no shield)
rNeg     . . .     Spirit   .   a - +0 robe
rPois    .         Reflect  .   (helmet restricted)
rElec    .         Harm     .   (no cloak)
rCorr    .         Rampage  .   (no gloves)
Will     .....                  (boots unavailable)
Stlth    ++........             (no amulet)
HPRegen  0.06/turn              (no ring)
MPRegen  0.10/turn              (no ring)

@: lethally poisoned (0 -> -5)
A: beak, talons 3
a: no special abilities


You were on level 2 of the Dungeon.
You visited 1 branch of the dungeon, and saw 2 of its levels.

You collected 97 gold pieces.

Inventory:

Hand Weapons
 f - a +2 dagger of electrocution (weapon)
Armour
 a - a +0 robe (worn)
Scrolls
 c - a scroll of magic mapping {unknown}
 d - 2 scrolls of fog {unknown}
 e - a scroll of teleportation {unknown}
 g - a scroll of fear {unknown}
Potions
 b - a potion of cancellation {unknown}
 h - a potion of curing {unknown}


   Skills:
 + Level 0.5 Short Blades
 - Level 2.1 Dodging
 - Level 2.0 Stealth
 - Level 2.0 Spellcasting
 - Level 1.3 Conjurations
 * Level 6.0 Air Magic


You had 5 spell levels left.
You knew the following spells:

 Your Spells              Type           Power      Damage    Failure   Level
a - Shock                 Conj/Air       52%        1d6       4%          1

Your spell library contained the following spells:

 Spells                   Type           Power      Damage    Failure   Level
 Swiftness                Air            20%        N/A       5%          3
 Static Discharge         Conj/Air       13%        N/A       7%          2
 Airstrike                Air            10%        N/A       17%         4
 Iskenderun's Battlesphe  Conj           5%         2d6       97%         5
 Fireball                 Conj/Fire      1%         3d3       99%         5
 Conjure Ball Lightning   Conj/Air       6%         3x3d6     100%        6
 Orb of Destruction       Conj           2%         9d1       100%        7


Dungeon Overview and Level Annotations

Branches:
Dungeon (2/15)

Altars:


Innate Abilities, Weirdness & Mutations

You have a beak for a mouth.
You have claws for feet.


Message History

You can't see any susceptible monsters within range! (Use Z to cast anyway.)
An adder comes into view.
The adder hisses angrily.
An adder is nearby!
The zap hits the adder.
The adder is lightly wounded.
The zap hits the adder.
The adder is moderately wounded.
The zap hits the adder.
The adder is severely wounded.
The zap misses the adder.
The adder closely misses you. The adder bites you.
The zap hits the adder.
The adder is almost dead.
The adder bites you.
You barely miss the adder.
The adder is almost dead.
The adder closely misses you.
You closely miss the adder.
The adder is almost dead.
The adder bites you. x2
You barely miss the adder. Your kick misses the adder.
Your peck misses the adder.
The adder is almost dead.
The adder bites you.
You hit the adder but do no damage. Your kick misses the adder.
The adder is almost dead.
The adder bites you.
* * * LOW HITPOINT WARNING * * *
You miss the adder. Your peck misses the adder.
The adder is almost dead.
The adder bites you.
* * * LOW HITPOINT WARNING * * *
You are lethally poisoned!
The adder poisons you!
You are too injured to fight recklessly!
You completely miss the adder. Your kick misses the adder.
The adder is almost dead.
* * * LOW HITPOINT WARNING * * *
You feel sick. The adder closely misses you. The adder bites you.
You die...

#....# #..# # #....# ##.# #
#...†# #.## #
#....#########..###
###########.................#
#........##........######.#.#
#...................... #...#
#........#..##.........###..#
#........#..@.......#.......#
########.##.#S......#.###.#.#
#....#.......# #.#..
######.......# #.#..
#.......# #.#.. ........
#)#.. .#####.#####)#.# .#
#...#.#.# #...#.#..


You could see an adder.

Vanquished Creatures
  An adder (D:2)
  A dart slug (D:1)
  5 ball pythons
  4 bats (D:1)
  3 endoplasms (D:1)
  A giant cockroach (D:2)
  2 hobgoblins
  4 jackals
  A quokka (D:1)
  3 frilled lizards
  2 goblins (D:1)
  5 kobolds
  2 rats (D:2)
34 creatures vanquished.

Notes
Turn   | Place    | Note
-------+----------+-------------------------------------------
     0 | D:1      | quinnr the Tengu Air Elementalist began the quest for the
                  | Orb.
     0 | D:1      | Reached XP level 1. HP: 10/10 MP: 4/4
   292 | D:1      | Reached XP level 2. HP: 15/15 MP: 0/6
   446 | D:1      | Reached skill level 5 in Air Magic
   930 | D:1      | Reached XP level 3. HP: 15/19 MP: 3/7
  1450 | D:2      | Reached skill level 6 in Air Magic
  1630 | D:2      | Slain by an adder

Illustrated notes

Levels and vault maps discovered:
D:1:      lemuel_arrival_broad_hall, layout_rooms
D:2:      layout_basic

Skill      XL: |  1  2  3 |
---------------+----------+-----
Air Magic      | 5 6 |  6.0
Short Blades   | |  0.5
Dodging        | |  2.1
Stealth        | |  2.0
Spellcasting   | |  2.0
Conjurations   | |  1.3

Action                   || total
-------------------------++-------
Melee: Unarmed           ||    11
       Peck              ||     5
       Kick              ||     4
       Dagger            ||    21
 Cast: Shock             ||    76
Armor: Robe              ||     9
Dodge: Dodged            ||    26

Table legend: (Time is in decaauts)
 A = Elapsed time spent in this place.
 B = Non-inter-level travel time spent in this place.
 C = Inter-level travel time spent in this place.
 D = Time resting spent in this place.
 E = Time spent auto-exploring this place.
 F = Levels seen in this place.
 G = Mean time per level.
                   A        B        C        D        E       F      G
               +--------+--------+--------+--------+--------+-----+--------+
         Total |   1629 |   1611 |     18 |     49 |   1339 |   2 |  814.5 |
       Dungeon |   1629 |   1611 |     18 |     49 |   1339 |   2 |  814.5 |
               +--------+--------+--------+--------+--------+-----+--------+

Top non-repeatable levels by time:
     D:1: 1065 daAuts
     D:2: 563 daAuts
